 Dungeon Crawl Stone Soup version 0.30.1-4-g462c640d31 (webtiles) character file.

Game seed: 14979635807055329518

4426 Babbit the Cleaver (level 10, -3/86 HPs)
             Began as a Minotaur Fighter on Aug 16, 2023.
             Was a Priest of Okawaru.
             Slain by otakuarchivist's ghost (10 damage)
             ... on level 8 of the Dungeon on Aug 17, 2023.
             The game lasted 00:23:47 (7160 turns).

Babbit the Cleaver (Minotaur Fighter)               Turns: 7160, Time: 00:23:48

Health: -3/86      AC: 17    Str: 25    XL:     10   Next: 14%
Magic:  9/9        EV:  7    Int:  8    God:    Okawaru [***...]
Gold:   8          SH:  5    Dex: 10    Spells: 9/9 levels left

rFire   + . .        a - +2 war axe
rCold   . . .        c - +0 buckler
rNeg    + . .        A - +0 plate armour
rPois   .            B - +2 hat
rElec   .            H - scarf {+Inv}
rCorr   +            (no gloves)
SInv    +            C - +0 pair of boots
Will    .....        (no amulet) Stlth
                     k - ring of see invisible
HPRegen 0.34/turn    b - ring "Myome" {rF+ rN+ rCorr Int+3 SInv}
MPRegen 0.11/turn

%: no passive effects
@: no status effects
A: horns 2, retaliatory headbutt
a: Renounce Religion, Evoke Invisibility, Heroism


You were on level 8 of the Dungeon.
You worshipped Okawaru.
Okawaru was most pleased with you.
You visited 2 branches of the dungeon, and saw 9 of its levels.

You collected 372 gold pieces.
You spent 364 gold pieces at shops.

Inventory:

Hand Weapons
 a - a +2 war axe (weapon)
Missiles
 E - 6 javelins (quivered)
Armour
 c - a +0 buckler (worn)
 z - a +0 cloak
 A - a +0 plate armour (worn)
 B - a +2 hat (worn)
 C - a +0 pair of boots (worn)
 H - a scarf of invisibility (worn)
Jewellery
 b - the ring "Myome" (right hand) {rF+ rN+ rCorr Int+3 SInv}
   (You found it on level 3 of the Dungeon)

   [ring of protection from fire]

   Int:       It affects your intelligence (+3).
   rF:        It protects you from fire.
   rN:        It protects you from negative energy.
   SInv:      It lets you see invisible.
   rCorr:     It protects you from acid and corrosion.
 k - a ring of see invisible (left hand)
Wands
 t - a wand of flame (10)
Scrolls
 g - a scroll of blinking
 h - 4 scrolls of fear
 j - a scroll of identify
 l - a scroll of torment {unknown}
 n - 3 scrolls of magic mapping
 s - a scroll of noise {unknown}
 u - 2 scrolls of enchant weapon
 v - a scroll of acquirement {unknown}
 w - a scroll of teleportation {unknown}
 y - a scroll of fog {unknown}
 D - a scroll of immolation {unknown}
 G - a scroll of amnesia {unknown}
Potions
 d - 3 potions of might
 e - 2 potions of invisibility
 f - 2 potions of haste
 i - 3 potions of curing
 m - 4 potions of brilliance
 o - a potion of flight
 p - a potion of lignification
 q - a potion of resistance
 r - a potion of ambrosia
 x - 2 potions of cancellation


   Skills:
 + Level 7.5 Fighting
 + Level 13.0 Axes
 + Level 0.7 Throwing
 + Level 9.0 Armour
 + Level 1.2 Dodging
 + Level 1.2 Stealth
 + Level 6.3 Shields
 + Level 0.1 Invocations


You had 9 spell levels left.
You didn't know any spells.
Your spell library contained the following spells:

 Spells                   Type           Power      Damage    Failure   Level
 Magic Dart               Conj           0%         1d3       99%         1
 Blink                    Tloc           0%         N/A       100%        2
 Ensorcelled Hibernation  Hex/Ice        0%         N/A       100%        2
 Lesser Beckoning         Tloc           0%         N/A       100%        2
 Momentum Strike          Conj/Tloc      0%         3d8       100%        2
 Sublimation of Blood     Necr           0%         N/A       100%        2
 Wereblood                Tmut           0%         N/A       100%        2
 Mephitic Cloud           Conj/Pois/Air  0%         N/A       100%        3
 Spider Form              Tmut/Pois      0%         N/A       100%        3
 Anguish                  Hex/Necr       0%         N/A       100%        4
 Blade Hands              Tmut           0%         N/A       100%        5
 Irradiate                Conj/Tmut      0%         3d11      100%        5
 Dragon Form              Tmut           0%         N/A       100%        7
 Call Imp                 Summ           Unusable   N/A       N/A         2
 Summon Hydra             Summ           Unusable   N/A       N/A         7

Dungeon Overview and Level Annotations

Branches:
Dungeon (8/15)             Temple (1/1) D:5
   Lair: D:8-11

Altars:
Ashenzari
Cheibriados
Dithmenos
Fedhas
Kikubaaqudgha
Nemelex Xobeh
Okawaru
Qazlal
Ru
Sif Muna
Uskayaw
Vehumet
Yredelemnul
Zin
The Shining One
Jiyva

Shops:
D:3 =   D:4 *   D:6 (   D:8 !

Annotations:
D:8 otakuarchivist's ghost, novice MiFi


Innate Abilities, Weirdness & Mutations

You have a pair of horns on your head.
You reflexively headbutt those who attack you in melee.


Message History

* * * LOW HITPOINT WARNING * * *
The slime creature closely misses you. You furiously retaliate!
You headbutt the slime creature!
You kill the slime creature!
Okawaru accepts your kill. The jelly hits you but does no damage.
Blink to where?
Press: ? - help, Dir - move target
As you read the scroll of blinking, it crumbles to dust.
The jelly jiggles.
The jelly hits you but does no damage.
You hit the jelly.
You kill the jelly!
Okawaru accepts your kill.
Your Axes skill increases to level 13!
You barely miss otakuarchivist's ghost.
Otakuarchivist's ghost is severely damaged.
You block otakuarchivist's ghost's attack.
You slash otakuarchivist's ghost! You headbutt otakuarchivist's ghost.
Otakuarchivist's ghost is almost destroyed.
Otakuarchivist's ghost hits you!
* * * LOW HITPOINT WARNING * * *
You hit otakuarchivist's ghost.
You headbutt otakuarchivist's ghost, but do no damage.
Otakuarchivist's ghost is almost destroyed.
You block otakuarchivist's ghost's attack.
You hit otakuarchivist's ghost but do no damage.
You headbutt otakuarchivist's ghost, but do no damage.
Otakuarchivist's ghost is almost destroyed.
You barely miss otakuarchivist's ghost.
Otakuarchivist's ghost is almost destroyed.
Otakuarchivist's ghost hits you but does no damage.
You barely miss otakuarchivist's ghost.
Otakuarchivist's ghost is almost destroyed.
Otakuarchivist's ghost barely misses you.
You completely miss otakuarchivist's ghost.
Your headbutt misses otakuarchivist's ghost.
Otakuarchivist's ghost is almost destroyed.
Otakuarchivist's ghost hits you!
You die...

....###$...#.#...##
#.>.............. #........#
#..##§''## #.##.....#
#.#/.)....#
##########.#.......#
#........W.#.......#
#.......@#.##..)..## ####
#..........###$_(## ##...
#.......##.##########.>##
#.......##....<###!...#..
#####.†.....#..###>.........#
#####......<.#.....#
##.....#####
#..............###.####.#####
#.....≈§..≈...####.#....# #
#....≈§≈......##.....####
####


You could see otakuarchivist's ghost.

Vanquished Creatures
  2 hornets
  Grinder (D:4)
  3 slime creatures (D:8)
  Eustachio (D:6)
  2 steam dragons
  An acid dragon (D:5)
  2 water moccasins (D:8)
  2 sky beasts (D:7)
  A black bear (D:5)
  An orc warrior (D:7)
  An ogre (D:5)
  2 centaurs (D:5)
  A phantom (D:7)
  Blork the orc (D:4)
  7 scorpions (D:5)
  5 wights (D:7)
  6 killer bees (D:7)
  6 howler monkeys
  3 jellies (D:8)
  3 hounds
  A gnoll bouda (D:5)
  8 iguanas
  3 orc wizards
  A gnoll (D:2)
  13 adders
  A shadow imp (D:6)
  A white imp (D:5)
  3 worms
  3 dart slugs
  5 orcs
  7 ball pythons
  15 endoplasms
  3 giant cockroaches
  10 hobgoblins
  4 jackals
  4 quokkas
  9 bats
  4 goblins
  8 kobolds
  4 rats
158 creatures vanquished.

Notes
Turn   | Place    | Note
-------+----------+-------------------------------------------
     0 | D:1      | Babbit the Minotaur Fighter began the quest for the Orb.
     0 | D:1      | Reached XP level 1. HP: 19/19 MP: 0/0
   207 | D:1      | Reached XP level 2. HP: 21/27 MP: 1/1
   833 | D:1      | Reached XP level 3. HP: 33/33 MP: 2/2
  1260 | D:2      | Reached skill level 3 in Axes
  1511 | D:2      | Reached XP level 4. HP: 40/40 MP: 3/3
  2119 | D:3      | Found a radiant altar of Vehumet.
  2122 | D:3      | Found a broken altar of Ashenzari.
  2215 | D:3      | Reached skill level 4 in Axes
  2314 | D:3      | Found a glowing golden altar of the Shining One.
  2382 | D:3      | Found Huixoe's Jewellery Boutique.
  2661 | D:3      | Reached XP level 5. HP: 46/46 MP: 4/4
  2816 | D:3      | Identified the ring "Myome" {rF+ rN+ rCorr Int+3 SInv}
  3030 | D:4      | Noticed Grinder
  3039 | D:4      | Reached skill level 5 in Armour
  3049 | D:4      | Killed Grinder
  3050 | D:4      | Reached skill level 6 in Axes
  3050 | D:4      | Reached XP level 6. HP: 49/53 MP: 5/5
  3366 | D:4      | Noticed Blork the orc
  3372 | D:4      | Killed Blork the orc
  3434 | D:4      | Found Nafaam's Assorted Antiques.
  3438 | D:4      | Bought a runed hat for 140 gold pieces
  3498 | D:4      | Reached skill level 1 in Stealth
  3498 | D:4      | Reached XP level 7. HP: 58/60 MP: 6/6
  3508 | D:4      | Reached skill level 7 in Axes
  3581 | D:4      | Found a glowing silver altar of Zin.
  3705 | D:5      | Entered Level 5 of the Dungeon
  3982 | D:5      | Reached skill level 8 in Axes
  3982 | D:5      | Reached skill level 5 in Shields
  4235 | D:5      | Found a staircase to the Ecumenical Temple.
  4246 | Temple   | Entered the Ecumenical Temple
  4269 | Temple   | Became a worshipper of Warmaster Okawaru
  4303 | D:5      | Reached XP level 8. HP: 67/67 MP: 7/7
  4344 | D:5      | Reached skill level 9 in Axes
  4422 | D:5      | Found a blossoming altar of Fedhas.
  4423 | D:5      | Found a sparkling altar of Nemelex Xobeh.
  4540 | D:5      | Reached skill level 1 in Dodging
  4686 | D:5      | Reached * piety under Okawaru
  4692 | D:5      | Reached skill level 5 in Fighting
  4695 | D:5      | Reached skill level 10 in Axes
  5017 | D:6      | Found Larghiy Sina's Antique Weapon Shoppe.
  5083 | D:6      | Noticed Eustachio
  5104 | D:6      | Killed Eustachio
  5122 | D:6      | Reached ** piety under Okawaru
  5123 | D:6      | Reached XP level 9. HP: 75/75 MP: 8/8
  5180 | D:6      | Identified the staff of air "Koaseadgh" {rElec rPois Int+3}
  5219 | D:6      | Reached skill level 11 in Axes
  5604 | D:7      | Paralysed by a hornet for 1 turns
  5621 | D:7      | Reached *** piety under Okawaru
  5831 | D:7      | Reached skill level 12 in Axes
  6298 | D:7      | Found an ancient bone altar of Kikubaaqudgha.
  6908 | D:8      | Found Omozoewk's Distillery.
  6982 | D:8      | Bought a potion of curing for 42 gold pieces
  6982 | D:8      | Bought a potion of heal wounds for 70 gold pieces
  6982 | D:8      | Bought a potion of cancellation for 112 gold pieces
  7056 | D:8      | Found a stormy altar of Qazlal.
  7119 | D:8      | Found a runed translucent gate.
  7119 | D:8      | Found a runed translucent gate.
  7119 | D:8      | Found a runed translucent gate.
  7121 | D:8      | Found a viscous altar of Jiyva.
  7121 | D:8      | Noticed otakuarchivist's ghost (novice MiFi)
  7127 | D:8      | Reached XP level 10. HP: 85/86 MP: 6/9
  7154 | D:8      | Reached skill level 13 in Axes
  7160 | D:8      | Slain by otakuarchivist's ghost

Illustrated notes

Levels and vault maps discovered:
D:1:      onia_arrival_mini_maze, layout_loops_corners,
          minmay_misc_feat_four_crosses
D:2:      minmay_diamond_boxcup, layout_loops_ring
D:3:      kennysheep_big_flooded_room, layout_basic,
          mainiacjoe_overflow_six_doors_small, nicolae_overflow_hidden_temple,
          serial_shops, nicolae_shop_tiny_glass
D:4:      layout_loops_ring, zin_scriptorium, serial_shops, kennysheep_mini,
          uniq_blork_the_orc, uniq_grinder
D:5:      layout_rooms, grunt_temple_overflow_open,
          minmay_temple_entry_glassed_door, grunt_decor_resistance,
          grunt_decor_fettered, minmay_divided_ellipse
D:6:      layout_cave_pools, serial_shops, shop, uniq_eustachio
D:7:      layout_basic, lemuel_doored_altar
D:8:      layout_rooms, nicolae_qazlal_general_emergency, gammafunk_ghost_ooze,
          serial_shops, nicolae_shop_just_a_little_nook, nicolae_lava_and_water
Temple:   eino_temple_water

Skill      XL: |  1  2  3  4  5  6  7  8  9 10 |
---------------+-------------------------------+-----
Shields        | 4 5 6 |  6.3
Armour         | 4 5 6 8 9 |  9.0
Axes           | 3 4 6 8 10 12 13 | 13.0
Fighting       | 4 5 7 |  7.5
Stealth        | 1 |  1.2
Dodging        | 1 |  1.2
Throwing       | |  0.7
Invocations    | |  0.1

Action                     |  1- 3 |  4- 6 |  7- 9 | 10-12 || total
---------------------------+-------+-------+-------+-------++-------
  Melee: War axe           |    92 |   111 |   242 |    23 ||   468
         Headbutt          |     8 |    15 |    42 |     7 ||    72
  Throw: Javelin           |       |       |     4 |       ||     4
 Invoke: Heroism           |       |       |     2 |       ||     2
    Use: Scroll            |     6 |     4 |     8 |     1 ||    19
         Potion            |       |       |     2 |     1 ||     3
 Armour: Scale mail        |    49 |    16 |       |       ||    65
         Plate armour      |       |    51 |   147 |    17 ||   215
  Dodge: Dodged            |    46 |    48 |    67 |    10 ||   171
  Block: Buckler           |    20 |    21 |    41 |     6 ||    88
